 Dungeon Crawl Stone Soup version 0.22.1-1-ga44c0e5 (webtiles) character file.

53275 inmateoo the Earth Mage (level 14, -3/143 HPs)
             Began as an Ogre Earth Elementalist on Sept 22, 2018.
             Was a High Priest of Vehumet.
             Slain by a harpy skeleton (7 damage)
             ... on level 15 of the Dungeon on Sept 23, 2018.
             The game lasted 00:48:25 (21280 turns).

inmateoo the Earth Mage (Ogre Earth Elementalist)  Turns: 21280, Time: 00:48:27

Health: -3/143     AC: -2    Str: 15    XL:     14   Next: 67%
Magic:  41/41      EV:  9    Int: 20    God:    Vehumet [*****.]
Gold:   748        SH:  0    Dex: 12    Spells: 11/41 levels left

rFire    . . .     SeeInvis +   H - +0 whip (elec)
rCold    + . .     Gourm    .   (no shield)
rNeg     + . .     Faith    .   z - +0 troll leather armour
rPois    .         Spirit   .   O - +0 hat {SInv}
rElec    .         Reflect  .   m - +0 cloak of Midnight {rC+ rN+ MR+ Dex+3}
rCorr    .         Harm     .   (gloves unavailable)
MR       ++...                  (boots unavailable)
Stlth    +.........             E - amulet of regeneration (curse)
HPRegen  1.13/turn              o - ring of magical power
MPRegen  0.27/turn              v - ring of wizardry

@: about to teleport, corroded
A: large, unfitting armour, tough skin 1
a: Renounce Religion


You were on level 15 of the Dungeon.
You worshipped Vehumet.
Vehumet was extremely pleased with you.
You were not hungry.

You visited 2 branches of the dungeon, and saw 16 of its levels.

You collected 995 gold pieces.
You spent 247 gold pieces at shops.

Inventory:

Hand Weapons
 f - a +0 hunting sling
 B - a +1 morningstar of venom
 H - a +0 whip of electrocution (weapon)
Missiles
 r - 241 stones (quivered)
Armour
 h - +0 acid dragon scales
 m - the +0 cloak of Midnight (worn) {rC+ rN+ MR+ Dex+3}
   (You bought it in a shop on level 4 of the Dungeon)

   It affects your dexterity (+3).
   It protects you from cold.
   It protects you from negative energy.
   It affects your resistance to hostile enchantments.
 u - the +3 large shield "Rolem" {rF+ rC+ Regen+}
   (You acquired it on level 9 of the Dungeon)

   It protects you from fire.
   It protects you from cold.
   It increases your rate of regeneration.
 z - a +0 troll leather armour (worn)
 O - a +0 hat of see invisible (worn)
Jewellery
 o - a ring of magical power (left hand)
 s - a +3 ring of intelligence {unknown}
 v - a ring of wizardry (right hand)
 w - an uncursed ring of ice
 y - an uncursed ring of magical power
 E - a cursed amulet of regeneration (around neck)
 K - a +4 ring of protection {unknown}
Wands
 x - a wand of flame (21)
 F - a wand of random effects (25)
 I - a wand of enslavement (18)
 M - a wand of iceblast (5)
Scrolls
 b - a scroll of enchant weapon
 c - 4 scrolls of enchant armour
 i - 5 scrolls of amnesia
 l - 2 scrolls of vulnerability
 n - 5 scrolls of remove curse
 p - 3 scrolls of immolation
 q - 5 scrolls of fog
 D - a scroll of identify
 G - 2 scrolls of teleportation
Potions
 a - a potion of might
 e - a potion of experience
 g - 3 potions of lignification
 j - 5 potions of curing
 t - a potion of mutation
 A - a potion of flight
 C - a potion of cancellation
 J - 2 potions of magic {unknown}
 L - 2 potions of resistance
 N - a potion of brilliance {unknown}
Comestibles
 d - 22 rations


   Skills:
 - Level 10.0 Fighting
 - Level 1.7 Dodging
 - Level 1.4 Stealth
 - Level 7.0 Shields
 + Level 3.6 Unarmed Combat
 + Level 14.1 Spellcasting
 - Level 0.8 Transmutations
 * Level 16.3 Earth Magic


You had 11 spell levels left.
You knew the following spells:

 Your Spells              Type           Power        Failure   Level  Hunger
a - Sandblast             Erth           ######       0%          1    None
b - Passwall              Tmut/Erth      #####...     1%          2    None
c - Stone Arrow           Conj/Erth      #####.       1%          3    None
d - Lee's Rapid Deconstr  Erth           ######....   1%          5    ###....
e - Petrify               Tmut/Erth      #####...     1%          4    None
f - Apportation           Tloc           ##....       2%          1    None
g - Venom Bolt            Conj/Pois      ##........   16%         5    ###....
h - Shatter               Erth           ######....   52%         9    #######

Your spell library contained the following spells:

 Spells                   Type           Power        Failure   Level  Hunger
 Iron Shot                Conj/Erth      #####.....   3%          6    #####..
 Magic Dart               Conj           ##..         1%          1    None
 Searing Ray              Conj           ##....       1%          2    None
 Leda's Liquefaction      Hex/Erth       #####.....   1%          4    None
 Animate Skeleton         Necr           N/A          2%          1    None
 Confusing Touch          Hex            ##....       2%          1    None
 Corona                   Hex            ##.....      2%          1    None
 Summon Small Mammal      Summ           ##..         2%          1    None
 Dazzling Spray           Conj/Hex       ##....       2%          3    None
 Inner Flame              Hex/Fire       ##......     2%          3    None
 Shroud of Golubria       Chrm/Tloc      ##........   3%          2    None
 Slow                     Hex            ##......     3%          2    None
 Song of Slaying          Chrm           ##......     3%          2    None
 Confuse                  Hex            ##......     7%          3    None
 Gell's Gravitas          Tloc           ##........   7%          3    None
 Portal Projectile        Hex/Tloc       ##....       7%          3    None
 Force Lance              Conj/Tloc      ##......     7%          4    None
 Fulminant Prism          Conj/Hex       ##........   7%          4    None
 Iskenderun's Mystic Bla  Conj           ##......     7%          4    None
 Yara's Violent Unravell  Hex/Tmut       ###.......   14%         5    ###....
 Cause Fear               Hex            ##........   22%         4    None
 Metabolic Englaciation   Hex/Ice        ##........   50%         5    ###....
 Poison Arrow             Conj/Pois      ##........   58%         6    #####..
 Lehudib's Crystal Spear  Conj/Erth      #####.....   71%         8    #######
 Ring of Flames           Chrm/Fire      ##........   100%        7    ######.
 Chain Lightning          Conj/Air       ##........   100%        8    #######
 Fire Storm               Conj/Fire      ##........   100%        9    #######
 Glaciate                 Conj/Ice       ##........   100%        9    #######


Dungeon Overview and Level Annotations

Branches:
Dungeon (15/15)            Temple (0/1) D:6            Lair (0/6) D:8
    Orc (1/2) D:11         Vaults (0/5) D:14
 Depths: D:15

Altars:
Dithmenos
Makhleb
Sif Muna
Uskayaw
Vehumet
Xom
Yredelemnul
The Shining One

Shops:
D:4 [   D:5 [

Portals:
Trove: D:13 (give +2 storm dragon scales)

Annotations:
D:13 1 runed door, Ysmirytt's ghost, journeyman TeAK


Innate Abilities, Weirdness & Mutations

You are too large for most types of armour.
You have tough skin. (AC +1)


Message History

The harpy skeleton claws you.
* * * LOW HITPOINT WARNING * * *
Unknown command.
Okay, then.
You feel much better. The harpy skeleton claws you!
* * * LOW HITPOINT WARNING * * *
The harpy skeleton barely misses you. The harpy skeleton claws you!
* * * LOW HITPOINT WARNING * * *
The harpy skeleton claws you!
* * * LOW HITPOINT WARNING * * *
Unknown command.
Okay, then.
As you read the scroll of teleportation, it crumbles to dust.
You feel strangely unstable. The harpy skeleton closely misses you.
The harpy skeleton claws you.
* * * LOW HITPOINT WARNING * * *
The harpy skeleton claws you!
* * * LOW HITPOINT WARNING * * *
The harpy skeleton claws you!
You die...

.. .. ..(#
#.# #. #...
... #. #..#
#.##.#..####
#.......}..#
#..........#
##...J.....#
####Z######
#@.#
##.#######
#.......#
#.......#
#.......#
#......<#
#)......#
#.......#
.........#


You could see a jelly and a harpy skeleton.

Vanquished Creatures
  Snorg (D:10)
  A yaktaur captain (D:13)
  2 vault guards (D:14)
  3 hydras
  Harold (D:10)
  5 two-headed ogres
  4 centaur warriors
  2 tengu warriors (D:13)
  An ogre mage (D:13)
  2 skeletal warriors (D:13)
  An unseen horror (D:12)
  A hell knight (D:13)
  A wolf spider zombie (D:14)
  An orc knight (D:13)
  A harpy (D:13)
  2 necromancers (D:14)
  3 deep elf magi
  8 ugly things
  An orc sorcerer (D:11)
  6 cyclopes
  3 manticores
  5 centaur zombies
  An efreet (D:13)
  A komodo dragon (D:13)
  2 tengu conjurers (D:13)
  7 trolls
  A hornet (D:14)
  Prince Ribbit (D:9)
  5 slime creatures (D:12)
  10 hippogriffs
  2 meliai zombies (D:13)
  3 shadows
  14 yaks
  3 wyverns
  2 water elementals (D:13)
  5 wraiths
  Eustachio (D:4)
  19 humans (D:14)
  A basilisk (D:7)
  A hungry ghost (D:8)
  A vampire mosquito (D:11)
  A warg (D:11)
  4 water moccasins
  An acid dragon (D:13)
  A floating eye (shapeshifter) (D:14)
  4 porcupines (D:8)
  4 sky beasts
  5 black bears
  15 orc warriors
  5 ice beasts
  2 eyes of draining
  3 necrophages
  8 ogres
  4 phantoms
  16 centaurs
  A crocodile (D:8)
  3 big kobolds
  14 bullfrogs
  7 scorpions
  A wyvern skeleton (D:14)
  15 killer bees
  5 howler monkeys
  16 wights
  8 electric eels (D:13)
  4 jellies
  8 crimson imps
  12 hounds
  3 human zombies (D:8)
  7 orc priests
  17 orc wizards
  4 centaur skeletons
  A human skeleton (D:8)
  5 iguanas
  10 worker ants
  A hound skeleton (D:11)
  6 mummies
  A worker ant zombie (D:5)
  4 gnolls (D:4)
  2 howler monkey skeletons
  12 adders
  2 shadow imps
  2 oozes
  An adder skeleton (D:5)
  An adder zombie (D:6)
  A worm (D:3)
  3 dart slugs
  3 leopard geckos
  64 orcs
  3 bats
  4 giant cockroaches
  7 goblins
  6 hobgoblins
  7 jackals (D:6)
  3 quokkas
  4 ball pythons
  7 frilled lizards
  A jackal zombie (D:5)
  24 kobolds
  2 leopard gecko skeletons (D:4)
  An orc zombie (D:8)
  5 rats
  A fungus (D:8)
  12 plants (D:11)
539 creatures vanquished.

Vanquished Creatures (others)
  A skeletal warrior (D:13)
  A centaur (D:8)
  2 ogres (D:8)
  A wight (D:13)
  A jelly (D:8)
  An orc (Orc:1)
  A bat (D:2)
  5 fungi (D:8)
  6 plants
  A withered plant (D:12)
20 creatures vanquished.

Grand Total: 559 creatures vanquished

Notes
Turn   | Place    | Note
-------+----------+-------------------------------------------
     0 | D:1      | inmateoo the Ogre Earth Elementalist began the quest for
                  | the Orb.
     0 | D:1      | Reached XP level 1. HP: 16/16 MP: 3/3
    73 | D:1      | Reached skill level 3 in Earth Magic
    73 | D:1      | Reached XP level 2. HP: 5/24 MP: 0/5
   752 | D:1      | Reached XP level 3. HP: 25/31 MP: 1/7
   779 | D:1      | Learned a level 2 spell: Passwall
   783 | D:1      | Learned a level 3 spell: Stone Arrow
  1274 | D:2      | Found a radiant altar of Vehumet.
  1375 | D:2      | Became a worshipper of Vehumet
  1820 | D:2      | Found a burning altar of Makhleb.
  1971 | D:3      | Reached XP level 4. HP: 24/39 MP: 6/9
  1975 | D:3      | Reached skill level 4 in Earth Magic
  2592 | D:4      | Reached XP level 5. HP: 37/45 MP: 6/10
  2861 | D:4      | Noticed Eustachio
  2871 | D:4      | Killed Eustachio
  2871 | D:4      | Reached skill level 5 in Earth Magic
  2871 | D:4      | Reached XP level 6. HP: 44/53 MP: 3/12
  3037 | D:4      | Reached * piety under Vehumet
  3037 | D:4      | Offered knowledge of Flame Tongue by Vehumet.
  3051 | D:4      | Learned a level 5 spell: Lee's Rapid Deconstruction
  3392 | D:4      | Found Niehimm's Antique Armour Shoppe.
  3649 | D:5      | Entered Level 5 of the Dungeon
  3790 | D:5      | Reached skill level 5 in Spellcasting
  3790 | D:5      | Reached skill level 6 in Earth Magic
  3790 | D:5      | Reached XP level 7. HP: 59/59 MP: 9/14
  3992 | D:5      | Reached skill level 7 in Earth Magic
  4066 | D:5      | Found Kuulline's Armour Shop.
  4076 | D:5      | Reached XP level 8. HP: 52/67 MP: 17/17
  4426 | D:6      | Found a deep blue altar of Sif Muna.
  4497 | D:6      | Reached skill level 8 in Earth Magic
  4835 | D:6      | Offered knowledge of Searing Ray by Vehumet.
  4836 | D:6      | Reached ** piety under Vehumet
  4873 | D:6      | Found a staircase to the Ecumenical Temple.
  4910 | D:6      | Reached XP level 9. HP: 66/74 MP: 20/20
  4955 | D:6      | Reached skill level 9 in Earth Magic
  5057 | D:6      | Found a shadowy altar of Dithmenos.
  5673 | D:7      | Reached skill level 10 in Earth Magic
  6286 | D:7      | Learned a level 4 spell: Petrify
  6479 | D:7      | Offered knowledge of Static Discharge by Vehumet.
  6730 | D:7      | Reached XP level 10. HP: 81/81 MP: 23/23
  6828 | D:7      | Found a glowing golden altar of the Shining One.
  7677 | D:8      | Found a staircase to the Lair.
  7683 | D:8      | Reached skill level 11 in Earth Magic
  7800 | D:8      | Reached *** piety under Vehumet
  8370 | D:4      | Bought a fine cloak for 247 gold pieces
  8375 | D:4      | Identified the cursed +0 cloak of Midnight {rC+ rN+ MR+
                  | Dex+3} (You bought it in a shop on level 4 of the Dungeon)
  8828 | D:8      | Noticed an eight-headed hydra
  8829 | D:8      | Found a shimmering altar of Xom.
  8839 | D:8      | Killed an eight-headed hydra
  8839 | D:8      | Reached skill level 10 in Spellcasting
  8847 | D:8      | Offered knowledge of Inner Flame by Vehumet.
  9186 | D:8      | Reached skill level 12 in Earth Magic
  9445 | D:8      | Found a basalt altar of Yredelemnul.
  9862 | D:9      | Reached XP level 11. HP: 86/88 MP: 15/25
  9971 | D:9      | Noticed Prince Ribbit
  9976 | D:9      | Killed Prince Ribbit
 10403 | D:9      | Learned a level 1 spell: Apportation
 10649 | D:9      | Found a hide-covered altar of Uskayaw.
 10730 | D:9      | Noticed a two-headed ogre
 10736 | D:9      | Killed a two-headed ogre
 10799 | D:9      | Identified a scroll of acquirement
 10802 | D:9      | Got an ichor-stained large shield
 10808 | D:9      | Identified the +3 large shield "Rolem" {rF+ rC+ Regen+}
                  | (You acquired it on level 9 of the Dungeon)
 10894 | D:10     | Entered Level 10 of the Dungeon
 11036 | D:10     | Reached skill level 1 in Fighting
 11123 | D:10     | Reached skill level 1 in Shields
 11129 | D:10     | Reached **** piety under Vehumet
 11156 | D:10     | Noticed Snorg
 11333 | D:10     | Reached skill level 13 in Earth Magic
 11357 | D:10     | Noticed Harold
 11543 | D:10     | Killed Snorg
 11550 | D:10     | Offered knowledge of Mephitic Cloud by Vehumet.
 12001 | D:10     | Killed Harold
 12177 | D:11     | Noticed a two-headed ogre
 12267 | D:11     | Reached ***** piety under Vehumet
 12339 | D:11     | Noticed a manticore
 12350 | D:11     | Killed a manticore
 12350 | D:11     | Reached XP level 12. HP: 49/109 MP: 11/27
 12578 | D:11     | Offered knowledge of Irradiate by Vehumet.
 12868 | D:11     | Reached skill level 5 in Fighting
 13018 | D:11     | Found a staircase to the Orcish Mines.
 13297 | D:11     | Killed a two-headed ogre
 13863 | D:11     | Reached skill level 14 in Earth Magic
 14437 | D:12     | Identified the Tome of Boosting Clay
 14917 | Orc:1    | Entered Level 1 of the Orcish Mines
 15006 | Orc:1    | Noticed an orc warlord
 15233 | D:11     | Offered knowledge of Venom Bolt by Vehumet.
 15235 | D:11     | HP: 1/115 [cyclops/large rock (17)]
 15595 | D:11     | Learned a level 5 spell: Venom Bolt
 15605 | D:11     | Learned a level 9 spell: Shatter
 16079 | D:12     | Reached skill level 5 in Shields
 16522 | D:12     | Reached XP level 13. HP: 121/124 MP: 29/29
 17010 | D:13     | Found a runed door.
 17013 | D:13     | Found a shimmering altar of Xom.
 17013 | D:13     | Noticed Ysmirytt's ghost (journeyman TeAK)
 18030 | D:13     | Reached skill level 15 in Earth Magic
 18845 | D:13     | Noticed a yaktaur captain
 18850 | D:13     | Killed a yaktaur captain
 19234 | D:13     | Found a portal to a secret trove of treasure.
 19362 | D:11     | Reached XP level 14. HP: 141/141 MP: 31/31
 20111 | D:14     | Reached skill level 10 in Fighting
 20136 | D:14     | Reached skill level 1 in Unarmed Combat
 20237 | D:14     | Offered knowledge of Iron Shot by Vehumet.
 20356 | D:14     | Reached skill level 16 in Earth Magic
 20433 | D:14     | Found a gate to the Vaults.
 21250 | D:15     | Entered Level 15 of the Dungeon
 21280 | D:15     | HP: 4/143 [harpy skeleton (7)]
 21280 | D:15     | Slain by a harpy skeleton

Skill      XL: |  1  2  3  4  5  6  7  8  9 10 11 12 13 14 |
---------------+-------------------------------------------+-----
Earth Magic    | 3 4 5 6 7 8 10 12 13 14 15 16 | 16.3
Spellcasting   | 3 4 5 6 7 9 10 11 12 13 14 | 14.1
Fighting       | 4 7 9 10 | 10.0
Shields        | 3 5 6 7 |  7.0
Unarmed Combat | 3 |  3.6
Dodging        | |  1.7
Stealth        | |  1.4
Transmutations | |  0.8

Action                   |  1- 3 |  4- 6 |  7- 9 | 10-12 | 13-15 || total
-------------------------+-------+-------+-------+-------+-------++-------
Melee: Club              |    37 |       |       |       |       ||    37
       Whip              |    56 |    12 |       |    26 |   241 ||   335
       Rapier            |       |    33 |   108 |   128 |       ||   269
       Morningstar       |       |       |       |   212 |       ||   212
       Punch             |       |       |       |       |     1 ||     1
 Cast: Sandblast         |    24 |    52 |    64 |    28 |    12 ||   180
       Lee's Rapid Decon |       |       |    14 |   146 |   142 ||   302
       Stone Arrow       |       |       |    24 |   118 |    28 ||   170
       Petrify           |       |       |       |    24 |     4 ||    28
       Venom Bolt        |       |       |       |     7 |    26 ||    33
  Use: Scroll            |       |       |    17 |    13 |     3 ||    33
       Potion            |       |       |       |     4 |     2 ||     6
 Stab: Sleeping          |     6 |     2 |     2 |     1 |     1 ||    12
  Eat: Chunk             |     1 |     5 |    13 |    31 |    21 ||    71
       Ration            |     1 |       |       |     8 |     5 ||    14
Armor: Robe              |    52 |    10 |    46 |    27 |       ||   135
       Troll leather arm |       |       |       |   153 |   118 ||   271
Dodge: Dodged            |    91 |    32 |    94 |   210 |   191 ||   618
Block: Large shield      |       |       |       |    25 |       ||    25
